 Dungeon Crawl Stone Soup version 0.31-a0-426-g3a05650e59 (webtiles) character file.

Game seed: 2976091542631453987

53 CraigForest the Trooper (level 3, -4/29 HPs)
             Began as a Demonspawn Monk on July 31, 2023.
             Slain by Terence
             ... wielding a +0 falchion
              (9 damage)
             ... on level 3 of the Dungeon.
             The game lasted 00:07:55 (1536 turns).

CraigForest the Trooper (Demonspawn Monk)           Turns: 1536, Time: 00:07:55

Health: -4/29      AC:  2    Str: 11    XL:     3   Next: 64%
Magic:  3/3        EV: 13    Int: 11    God:
Gold:   85         SH:  0    Dex: 17    Spells: 2/2 levels left

rFire   . . .        n - +2 dagger (venom)
rCold   . . .        d - orb {light}
rNeg    . . .        b - +0 robe
rPois   .            (helmet restricted)
rElec   .            (no cloak)
rCorr   .            (no gloves)
SInv    .            (no boots)
Will    .....        (no amulet)
Stlth   +            (no ring)
HPRegen 0.24/turn    (no ring)
MPRegen 0.08/turn

%: no passive effects
@: glowing
A: antennae 1, hooves 1
a: no special abilities


You were on level 3 of the Dungeon.
You visited 1 branch of the dungeon, and saw 3 of its levels.

You collected 85 gold pieces.

Inventory:

Hand Weapons
 a - a +0 falchion
 n - a +2 dagger of venom (weapon)
Missiles
 r - 8 poisoned darts (quivered)
Armour
 b - a +0 robe (worn)
 d - an orb of light (worn)
 j - a +0 buckler
Magical Staves
 i - a staff of poison
Wands
 p - a wand of polymorph (2)
Scrolls
 e - a scroll of fog {unknown}
 h - a scroll of immolation {unknown}
 k - a scroll of fear {unknown}
 l - a scroll of teleportation {unknown}
 m - a scroll of torment {unknown}
 o - a scroll of identify {unknown}
 q - a scroll of enchant weapon {unknown}
Potions
 c - a potion of ambrosia
 f - a potion of might {unknown}
 g - 2 potions of curing {unknown}
 s - a potion of magic {unknown}
 t - a potion of mutation {unknown}


   Skills:
 + Level 3.5 Fighting
 + Level 0.2(2.1) Short Blades
 + Level 3.4 Long Blades
 + Level 3.1 Dodging


You had 2 spell levels left.
You didn't know any spells.
Your spell library was empty.

Dungeon Overview and Level Annotations

Branches:
Dungeon (3/15)

Altars:
Qazlal

Shops:
D:1 :   D:2 !=*

Annotations:
D:3 Terence


Innate Abilities, Weirdness & Mutations

You have a pair of small antennae on your head.
You have large cloven feet.


Message History

The goblin shouts!
The goblin hits you with a +0 whip.
You barely miss the goblin. Your kick misses the goblin.
The goblin hits you with a +0 whip.
You hit the goblin but do no damage.
The goblin is poisoned.
The goblin hits you with a +0 whip.
You barely miss the goblin. You kick the goblin.
You kill the goblin!
No target in view!
HP restored.
You now have 85 gold pieces (gained 11).
You see here a +0 whip.
Found a leather armour.
Found a dagger.
You open the door.
There is an open door here.
There is an open door here.
Terence the Incautious comes into view.
He is wielding a +0 falchion and wearing a +3 scale mail of poison resistance.
Terence shouts!
A bat comes into view.
Found a stone staircase leading down.
You hit Terence but do no damage.
Terence is poisoned.
You kick Terence, but do no damage. Terence hits you with a +0 falchion!
You hit Terence but do no damage. You kick Terence, but do no damage.
Terence is lightly wounded.
Terence hits you with a +0 falchion!
You are too injured to fight recklessly!
You are too injured to fight recklessly!
You are too injured to fight recklessly!
You hit Terence. You kick Terence, but do no damage.
Terence is moderately wounded.
Terence barely misses you.
You hit Terence but do no damage. You kick Terence, but do no damage.
Terence is moderately wounded.
Terence hits you with a +0 falchion!
* * * LOW HITPOINT WARNING * * *
Terence looks more healthy.
You see here a scroll labelled JUORRA SUPSIRR.
Terence attacks as you move away! Terence hits you with a +0 falchion!
You die...

##...≈.≈..#####
##.......###
###.........####..
..+.........'.....
..#......)..####..
#.##..[....## .
#.###.....## ^>#
#.# ##...## ..
#@#####'##
.###.##b@.....#
........#####.#
####.##.# #.# #
#.# ... #.# ....
#.# ...## ...
...## ### ##


You could see Terence and a bat.

Vanquished Creatures
  A worm (D:2)
  A dart slug (D:2)
  6 ball pythons (D:1)
  2 bats (D:1)
  5 endoplasms (D:1)
  5 giant cockroaches
  5 goblins
  4 hobgoblins
  3 jackals (D:2)
  A quokka (D:2)
  4 frilled lizards (D:1)
  2 kobolds (D:2)
  2 rats
41 creatures vanquished.

Notes
Turn   | Place    | Note
-------+----------+-------------------------------------------
     0 | D:1      | CraigForest the Demonspawn Monk began the quest for the
                  | Orb.
     0 | D:1      | Reached XP level 1. HP: 18/18 MP: 1/1
   147 | D:1      | Discovered your monstrous ancestry.
   147 | D:1      | Gained mutation: You have large cloven feet. [demonic
                  | ancestry]
   147 | D:1      | Reached XP level 2. HP: 16/24 MP: 2/2
   269 | D:1      | Found Kopavieg's Book Shop.
   594 | D:2      | Gained mutation: You have a pair of small antennae on your
                  | head. [demonic ancestry]
   594 | D:2      | Reached XP level 3. HP: 28/29 MP: 3/3
   817 | D:2      | Found Idwif's Jewellery Boutique.
   873 | D:2      | Found Cyunawua's Distillery.
  1024 | D:2      | Found Cewuf's General Store.
  1408 | D:3      | Found a stormy altar of Qazlal.
  1526 | D:3      | Noticed Terence
  1536 | D:3      | Slain by Terence

Illustrated notes

Levels and vault maps discovered:
D:1:      eino_arrival_water_cross, layout_basic, serial_shops,
          nicolae_shop_waterfront, minivault_25
D:2:      layout_basic, serial_shops, shop, nicolae_shop_crystal, shop,
          serial_aquarium, aquarium_bridge_square [aquarium_subvault_bridge,
          aquarium_subvault_bridge, aquarium_subvault_wall,
          aquarium_subvault_bridge], aquarium_bridge_straight
          [aquarium_subvault_bridge, aquarium_subvault_wall,
          aquarium_subvault_bridge, aquarium_subvault_wall], aquarium_window_1,
          aquarium_window_2, aquarium_window_fake, aquarium_window_1,
          aquarium_view_2f, aquarium_balcony_1a, grunt_decor_cap
D:3:      layout_loops_corners, nicolae_qazlal_general_emergency,
          lemuel_tele_altar, nicolae_elyvilon_temple_path,
          kennysheep_orc_chapel, uniq_terence

Skill      XL: |  1  2 |
---------------+-------+-----
Long Blades    | 3 |  3.4
Dodging        | 3 |  3.1
Fighting       | |  3.5
Short Blades   | |  0.2

Action                     || total
---------------------------++-------
  Melee: Falchion          ||    36
         Kick              ||    21
         Dagger            ||    42
 Armour: Robe              ||     6
  Dodge: Dodged            ||    35

Table legend: (Time is in decaauts)
 A = Elapsed time spent in this place.
 B = Non-inter-level travel time spent in this place.
 C = Inter-level travel time spent in this place.
 D = Time resting spent in this place.
 E = Time spent auto-exploring this place.
 F = Levels seen in this place.
 G = Mean time per level.
                   A        B        C        D        E       F      G
               +--------+--------+--------+--------+--------+-----+--------+
         Total |   1537 |   1351 |    186 |      0 |   1107 |   3 |  512.3 |
       Dungeon |   1537 |   1351 |    186 |      0 |   1107 |   3 |  512.3 |
               +--------+--------+--------+--------+--------+-----+--------+

Top non-repeatable levels by time:
     D:2: 678 daAuts
     D:1: 578 daAuts
     D:3: 280 daAuts
